 Dungeon Sprint DCSS version 0.24.0-13-gcf9b319 (webtiles) character file.

Game seed: 1478319633699685062, levelgen mode: deterministic

21099 sanboga the Severer (level 12, -4/160 HPs)
             Began as a Demonspawn Monk on Nov 25, 2019.
             Was the Champion of Trog.
             Killed by drain life
             ... invoked by a soul eater
             ... summoned by a mummy priest's death curse
              (13 damage)
             ... in the Dungeon (Sprint V: "Ziggurat Sprint").
             The game lasted 00:05:57 (935 turns).

sanboga the Severer (Demonspawn Monk)                Turns: 935, Time: 00:05:57

Health: -4/160     AC: 28    Str: 40    XL:     12   Next: 51%
Magic:  12/12      EV:  6    Int: 11    God:    Trog [******]
Gold:   0          SH: 26    Dex: 16    Spells: 11/11 levels left

rFire    + . .     SeeInvis .   a - +13 broad axe "Acsavax" {flame, +Fly rElec}
rCold    + . .     Gourm    .   k - +3 large shield
rNeg     . . .     Faith    .   j - +5 gold dragon scales
rPois    +         Spirit   .   (no helmet)
rElec    +         Reflect  .   (no cloak)
rCorr    .         Harm     .   u - +1 pair of gloves of Trumpets {rPois Str+3}
MR       .....     NoTele   +   (boots unavailable)
Stlth    ..........             b - amulet "Izxedowk" {Regen+ Str+3 Stlth+}
HPRegen  0.76/turn              E - +6 ring of strength
MPRegen  0.13/turn              F - +6 ring of strength

@: berserking, drained, very quick
A: talons 3, slimy green scales 2, demonic guardian 2, foul stench 1, rot
immunity
a: Berserk, Trog's Hand, Brothers in Arms, Renounce Religion, Evoke Flight


You were in the Dungeon.
You worshipped Trog.
Trog was exalted by your worship.
You were hungry.

You visited 1 branch

Inventory:

Hand Weapons
 a - the +13 broad axe "Acsavax" (weapon) {flame, +Fly rElec}
   (Trog gifted it to you in the Dungeon)

   It has been specially enchanted to burn those struck by it, causing extra
   injury to most foes and up to half again as much damage against particularly
   susceptible opponents.
   Big, fiery blades are also staple armaments of hydra-hunters.
   It insulates you from electricity.
   It lets you fly.
 t - a +3 broad axe of electrocution
Armour
 j - +5 gold dragon scales (worn)
 k - a +3 large shield (worn)
 u - the +1 pair of gloves of Trumpets (worn) {rPois Str+3}
   (You found it in the Dungeon)

   It affects your strength (+3).
   It protects you from poison.
Jewellery
 b - the amulet "Izxedowk" (around neck) {Regen+ Str+3 Stlth+}
   (You took it off an iron imp in the Dungeon)

   [amulet of regeneration]

   It affects your strength (+3).
   It increases your rate of regeneration.
   It makes you more stealthy.
 l - an uncursed ring of see invisible
 z - an uncursed ring of flight
 E - a +6 ring of strength (left hand)
 F - a +6 ring of strength (right hand)
Wands
 w - a wand of disintegration (7)
 x - a wand of iceblast (7)
 y - a wand of acid (7)
Scrolls
 h - 2 scrolls of brand weapon
 i - 4 scrolls of blinking
 m - 8 scrolls of fog
 n - 5 scrolls of identify
 o - 5 scrolls of remove curse
 p - 2 scrolls of fear
Potions
 d - 10 potions of curing
 e - 9 potions of heal wounds
 f - 6 potions of haste
 r - a potion of invisibility
 s - 4 potions of resistance
 v - 5 potions of might
Comestibles
 c - 7 rations
 g - 5 chunks of flesh


   Skills:
 + Level 14.1(12.6) Fighting
 * Level 17.4(15.8) Axes
 + Level 12.7(11.2) Armour
 - Level 2.6(1.6) Dodging
 - Level 1.7(0.7) Stealth
 * Level 15.4(13.9) Shields


You had 11 spell levels left.
You didn't know any spells.
Your spell library was empty.

Dungeon Overview and Level Annotations

Branches:
Dungeon (1/1)

Altars:
Ashenzari
Cheibriados
Dithmenos
Elyvilon
Fedhas
Gozag
Hepliaklqana
Kikubaaqudgha
Makhleb
Nemelex Xobeh
Okawaru
Qazlal
Ru
Sif Muna
Trog
Uskayaw
Vehumet
Wu Jian
Xom
Yredelemnul
Zin
The Shining One
Beogh
Jiyva
Lugonu

Annotations:
D 1 transporter


Innate Abilities, Weirdness & Mutations

You have claws for feet.
You are mostly covered in slimy green scales. (AC +3)
A demonic guardian rushes to your aid.
You may emit foul miasma when damaged in melee.
You are immune to rotting.


Message History

You feel extremely nervous for a moment...
Something reaches out for you... You block the mummy priest's attack.
Send 'em back where they came from!
Trog shields your ally from puny magic!
You cut the mummy priest into ribbons!!!
You burn the mummy priest. You claw the mummy priest!
The mummy priest is severely damaged.
You hit the mummy. You burn the mummy.
Your ice devil misses the soul eater.
You slice the mummy priest!! You burn the mummy priest.
You feel the power of Trog in you as your rage grows.
You destroy the mummy priest!
Trog accepts your kill.
You slice the mummy!! You burn the mummy.
You feel the power of Trog in you as your rage grows.
You destroy the mummy!
Trog accepts your kill.
You feel extremely nervous for a moment...
You are engulfed in negative energy!
You feel drained.
The soul eater draws from the surrounding life force!
You die...

▓.........▓..
▓.........▓..
▓▓▓▓▓▓▓▓▓▓▓▓.▓.....▓.▓.▓
▓....8©8....▓....©....▓..
▓..}:"}..:..▓▓▓▓▓▓▓▓▓▓▓▓▓
▓....||[}...▓...8©8...▓..
▓...........▓..:)))|..▓..
▓.......)...▓....|:...▓..
▓......)@...▓..†......▓..
▓.......)...▓.÷)......▓..
..▓...3.▓..▓.([......▓..
▓▓..4▓▓▓.▓.........▓..
▓..▓.....▓..▓.........▓.▓
▓.....©.....▓....©....▓..
▓▓▓▓▓▓▓▓▓▓▓▓▓▓▓▓▓▓▓▓▓▓▓▓▓
▓...8©8...▓...8©8...▓...8
▓..)|.).).▓..}|)}:..▓..".


You could see a soul eater and a friendly ice devil.

Vanquished Creatures
  A greater mummy (D)
  A Hell Sentinel (D)
  2 fire giants (D)
  A fire dragon (D)
  2 mummy priests (D)
  2 hydras (D)
  2 hell hogs (D)
  A black mamba (D)
  A naga mage (D)
  A spiny frog (D)
  An efreet (D)
  4 guardian mummies (D)
  A hornet (D)
  2 spriggans (D)
  3 flying skulls (D)
  A fire elemental (D)
  A steam dragon (D)
  A basilisk (D)
  A naga (D)
  3 hell hounds (D)
  A water moccasin (D)
  2 porcupines (D)
  2 black bears (D)
  2 phantoms (D)
  A necrophage (D)
  6 wolves (D)
  A crocodile (D)
  2 bullfrogs (D)
  2 small abominations (D)
  A wight (D)
  2 crimson imps (D)
  A quasit (D)
  2 iron imps (D)
  3 mummies (D)
  4 adders (D)
  A shadow imp (D)
  3 white imps (D)
  An ufetubus (D)
  2 adder skeletons (D)
  2 adder zombies (D)
  2 bat skeletons (D)
  A ball python (D)
  2 giant cockroach zombies (D)
  2 leopard gecko zombies (D)
80 creatures vanquished.

Vanquished Creatures (collateral kills)
  A wretched star (D)
  2 mummies (D)
  A fire vortex (D)
4 creatures vanquished.

Vanquished Creatures (others)
  A fire dragon (D)
  An iron imp (D)
  An ufetubus (D)
  A fire vortex (D)
4 creatures vanquished.

Grand Total: 88 creatures vanquished

Notes
Turn   | Place    | Note
-------+----------+-------------------------------------------
     0 | D        | sanboga the Demonspawn Monk began the quest for the Orb.
     0 | D        | Reached XP level 1. HP: 18/18 MP: 1/1
    14 | D        | Found a blossoming altar of Fedhas.
    15 | D        | Found the +6 Majin-Bo {vamp, Archmagi MP+6 Int+6}
    15 | D        | Found the +7 great mace "Firestarter" {inner flame, rF++}
    21 | D        | Found a viscous altar of Jiyva.
    21 | D        | Found a hazy altar of Hepliaklqana.
    21 | D        | Found a transporter.
    21 | D        | Found an opulent altar of Gozag.
    21 | D        | Found an ancient bone altar of Kikubaaqudgha.
    21 | D        | Found a corrupted altar of Lugonu.
    27 | D        | Found a burning altar of Makhleb.
    29 | D        | Found a sacrificial altar of Ru.
    29 | D        | Found a shimmering blue altar of Sif Muna.
    29 | D        | Found a stormy altar of Qazlal.
    29 | D        | Found a bloodstained altar of Trog.
    29 | D        | Found an iron altar of Okawaru.
    29 | D        | Found a sparkling altar of Nemelex Xobeh.
    54 | D        | Became a worshipper of Trog the Wrathful
    54 | D        | Reached * piety under Trog
    54 | D        | Reached ** piety under Trog
    88 | D        | Entered arena 2.
    88 | D        | Noticed a wolf
    88 | D        | Noticed a spriggan
    88 | D        | Found a transporter.
    93 | D        | Killed a spriggan
    93 | D        | Reached skill level 7 in Axes
    93 | D        | Gained mutation: You are immune to rotting. [demonic
                  | ancestry]
    93 | D        | Reached XP level 2. HP: 28/28 MP: 2/2
    93 | D        | Reached XP level 3. HP: 34/34 MP: 3/3
    93 | D        | Gained mutation: You are partially covered in slimy green
                  | scales. (AC +2) [demonic ancestry]
    93 | D        | Reached XP level 4. HP: 40/40 MP: 4/4
    93 | D        | Gained mutation: A weak demonic guardian rushes to your
                  | aid. [demonic ancestry]
    93 | D        | Reached XP level 5. HP: 46/46 MP: 5/5
    95 | D        | Killed a wolf
    95 | D        | Reached skill level 8 in Axes
    95 | D        | Reached skill level 5 in Armour
   104 | D        | Got a steaming buckler
   115 | D        | Identified the +2 buckler of the Teacher {Str+6} (You
                  | acquired it in the Dungeon)
   131 | D        | Entered arena 3.
   131 | D        | Noticed a wolf
   131 | D        | Noticed a wolf
   131 | D        | Noticed a porcupine
   131 | D        | Found a transporter.
   134 | D        | Killed a wolf
   134 | D        | Reached skill level 9 in Axes
   134 | D        | Reached XP level 6. HP: 55/55 MP: 6/6
   135 | D        | Reached *** piety under Trog
   136 | D        | Killed a porcupine
   136 | D        | Reached skill level 10 in Axes
   187 | D        | Entered arena 4.
   187 | D        | Identified the amulet "Izxedowk" {Regen+ Str+3 Stlth+}
   187 | D        | Noticed a hell hound
   187 | D        | Found a transporter.
   188 | D        | Gained mutation: You have sharp toenails. [demonic
                  | ancestry]
   188 | D        | Reached XP level 7. HP: 62/62 MP: 7/7
   192 | D        | Reached **** piety under Trog
   242 | D        | Entered arena 5.
   242 | D        | Found a transporter.
   247 | D        | Reached skill level 11 in Axes
   254 | D        | Reached ***** piety under Trog
   260 | D        | Entered arena 6.
   260 | D        | Noticed a wretched star
   260 | D        | Found a transporter.
   265 | D        | Gained mutation: You have razor-sharp toenails. [demonic
                  | ancestry]
   265 | D        | Reached XP level 8. HP: 56/56 MP: 8/8
   278 | D        | Gained mutation: You have claws for feet. [demonic
                  | ancestry]
   278 | D        | Reached XP level 9. HP: 33/53 MP: 9/9
   280 | D        | Killed a wretched star
   280 | D        | Reached skill level 12 in Axes
   320 | D        | Entered arena 7.
   321 | D        | Found a transporter.
   325 | D        | Received a gift from Trog
   360 | D        | Entered arena 8.
   360 | D        | Noticed a spriggan rider
   361 | D        | Found a transporter.
   364 | D        | Reached skill level 10 in Fighting
   368 | D        | Reached ****** piety under Trog
   368 | D        | Received a gift from Trog
   375 | D        | Got a slimy broad axe {god gift}
   376 | D        | Identified the +13 broad axe "Acsavax" {flame, +Fly rElec}
                  | (Trog gifted it to you in the Dungeon)
   419 | D        | Entered arena 9.
   419 | D        | Noticed a guardian mummy
   419 | D        | Noticed a guardian mummy
   420 | D        | Identified the +6 shortbow of Okawaru's Favour {freeze,
                  | +Fly Str+4}
   420 | D        | Found a transporter.
   424 | D        | Killed a guardian mummy
   424 | D        | Reached skill level 13 in Axes
   427 | D        | Killed a guardian mummy
   427 | D        | Received a gift from Trog
   427 | D        | Gained mutation: You may emit foul miasma when damaged in
                  | melee. [demonic ancestry]
   427 | D        | Reached XP level 10. HP: 56/86 MP: 10/10
   488 | D        | Entered arena 10.
   488 | D        | Noticed a black mamba
   488 | D        | Noticed a naga mage
   489 | D        | Found the +8 Wrath of Trog {antimagic, *Rage}
   489 | D        | Found a transporter.
   494 | D        | Killed a black mamba
   494 | D        | Reached skill level 10 in Shields
   498 | D        | Received a gift from Trog
   503 | D        | Killed a naga mage
   510 | D        | Got the +1 pair of gloves of Trumpets {rPois Str+3}
   568 | D        | Entered arena 11.
   568 | D        | Noticed a Hell Sentinel
   569 | D        | Found the +6 arbalest "Damnation" {damnation}
   569 | D        | Found a transporter.
   572 | D        | Received a gift from Trog
   587 | D        | Killed a Hell Sentinel
   587 | D        | Reached skill level 14 in Axes
   587 | D        | Reached skill level 10 in Armour
   667 | D        | Entered arena 12.
   667 | D        | Noticed a seven-headed hydra
   667 | D        | Noticed a spiny frog
   667 | D        | Noticed a four-headed hydra
   669 | D        | Found a transporter.
   673 | D        | Killed a four-headed hydra
   673 | D        | Received a gift from Trog
   673 | D        | Gained mutation: A demonic guardian rushes to your aid.
                  | [demonic ancestry]
   673 | D        | Reached XP level 11. HP: 89/95 MP: 11/11
   679 | D        | Killed a one-headed hydra
   679 | D        | Received a gift from Trog
   679 | D        | Reached skill level 15 in Axes
   729 | D        | Entered arena 13.
   729 | D        | Noticed a fire dragon
   729 | D        | Noticed a fire giant
   729 | D        | Noticed a fire giant
   729 | D        | Noticed a fire dragon
   729 | D        | Noticed a hell hog
   730 | D        | Identified the +10 bardiche of Absolution {chop, rF+ rC+
                  | MR++}
   730 | D        | Noticed a hell hog
   738 | D        | Killed a hell hog
   739 | D        | Killed a fire dragon
   740 | D        | Found a transporter.
   741 | D        | Killed a fire dragon
   743 | D        | Received a gift from Trog
   743 | D        | Killed a hell hog
   745 | D        | Killed a fire giant
   745 | D        | Reached skill level 16 in Axes
   752 | D        | Killed a fire giant
   912 | D        | Entered arena 14.
   913 | D        | Noticed a mummy priest
   913 | D        | Noticed a greater mummy
   914 | D        | Found the +3 crown of Dyrovepreva {rElec Int+2 SInv}
   914 | D        | Identified the +7 morningstar "Herehakh" {freeze, rF+
                  | Dex+2}
   914 | D        | Noticed a mummy priest
   915 | D        | Found a transporter.
   922 | D        | Noticed a soul eater
   923 | D        | Received a gift from Trog
   925 | D        | Received a gift from Trog
   928 | D        | Received a gift from Trog
   930 | D        | Killed a greater mummy
   930 | D        | Reached skill level 17 in Axes
   930 | D        | Reached skill level 15 in Shields
   930 | D        | Gained mutation: You are mostly covered in slimy green
                  | scales. (AC +3) [demonic ancestry]
   930 | D        | Reached XP level 12. HP: 17/106 MP: 12/12
   931 | D        | HP: 7/159 [mummy priest/the +7 morningstar "Herehakh"
                  | {freeze, rF+ Dex+2} (2)]
   932 | D        | Killed a mummy priest
   932 | D        | Received a gift from Trog
   935 | D        | Killed a mummy priest
   935 | D        | Killed from afar by a soul eater

Levels and vault maps discovered:
D:        sprint_v [room_start, room_1, room_2, room_3, room_4, room_5, room_6,
          room_7, room_8, room_9, room_10, room_11, room_12, room_13, room_14,
          room_15, room_16, room_17, room_18, room_19, room_20, room_21,
          room_22, room_23, room_24, room_25, room_26, room_27]

Skill      XL: |  1  2  3  4  5  6  7  8  9 10 11 12 |
---------------+-------------------------------------+-----
Fighting       | 6 7 8 9 10 11 13 14 | 14.1
Axes           | 7 9 10 11 13 14 17 | 17.4
Armour         | 4 5 6 8 9 10 12 | 12.7
Shields        | 6 9 12 15 | 15.4
Dodging        | |  2.6
Stealth        | |  1.7

Action                   |  1- 3 |  4- 6 |  7- 9 | 10-12 || total
-------------------------+-------+-------+-------+-------++-------
Melee: Broad axe         |     4 |     7 |    46 |    74 ||   131
       Kick              |       |       |    15 |    43 ||    58
Invok: Berserk           |     1 |     1 |     2 |     3 ||     7
  Use: Scroll            |       |     1 |       |       ||     1
       Potion            |       |       |     2 |     1 ||     3
 Stab: Distracted        |       |       |     1 |     1 ||     2
       Invisible         |       |       |       |     4 ||     4
  Eat: Chunk             |       |       |     2 |     4 ||     6
Armor: Gold dragon scale |     6 |     6 |    47 |    34 ||    93
Dodge: Dodged            |       |     3 |    20 |    11 ||    34
Block: Buckler           |     1 |     2 |    17 |     6 ||    26
       Large shield      |       |       |       |    72 ||    72
